 Dungeon Crawl Stone Soup version 0.18-a0-1433-g1d8109a (webtiles) character file.

132 Deemzul the Insei (level 5, -7/36 HPs)
             Began as an Octopode Monk on Feb 28, 2016.
             Mangled by Grinder (8 damage)
             ... on level 3 of the Dungeon.
             The game lasted 00:02:22 (2293 turns).

Deemzul the Insei (Octopode Monk)                   Turns: 2293, Time: 00:02:22

Health: -7/36      AC:  1    Str:  8    XL:     5   Next: 15%
Magic:  5/5        EV: 13    Int: 17    God:
Gold:   138        SH:  0    Dex: 15    Spells: 0 memorised, 4 levels left

rFire  . . .     SeeInvis .       - Unarmed
rCold  . . .     Gourm    .     (no shield)
rNeg   . . .     Faith    .     (helmet restricted)
rPois  +         Spirit   .     (no amulet)
rElec  +         Dismiss  .     e - ring of poison resistance
rCorr  .         Reflect  .     (no ring)
SustAt .         Harm     .     (no ring)
MR     .....                    (no ring)
Stlth  ++++......               (no ring)
                                (no ring)
                                (no ring)
                                (no ring)

@: not resistant to hostile enchantments, stealthy
A: almost no armour, amphibious, 8 rings, constrict 8, camouflage 1, clever 2,
electricity resistance, weak 1, gelatinous body 1
a: no special abilities


You were on level 3 of the Dungeon.
You were not hungry.

You visited 1 branch of the dungeon, and saw 3 of its levels.

You collected 138 gold pieces.

Inventory:

Hand Weapons
 b - a +1 short sword of venom
Jewellery
 e - a ring of poison resistance (left tentacle)
Scrolls
 c - a scroll of random uselessness {unknown}
 d - 2 scrolls of amnesia {unknown}
 f - a scroll of enchant armour {unknown}
 i - a scroll of blinking {unknown}
 l - 2 scrolls of remove curse {unknown}
 n - a scroll of magic mapping {unknown}
Potions
 k - a potion of curing
Comestibles
 a - 5 bread rations
 g - a beef jerky


   Skills:
 - Level 3.0 Fighting
 - Level 3.0 Dodging
 + Level 4.4 Stealth
 * Level 5.7 Unarmed Combat


You had 4 spell levels left.
You didn't know any spells.

Dungeon Overview and Level Annotations

Branches:
Dungeon (3/15)

Altars:

Annotations:
D:3 Grinder


Innate Abilities, Weirdness & Mutations

You cannot wear most types of armour.
You are amphibious.
You can wear up to eight rings at the same time.
You can use your tentacles to constrict eight enemies at once.
Your skin changes colour to match your surroundings (Stealth).
Your rubbery body absorbs attacks (AC +1).
Your mind is very acute. (Int +4)
You are resistant to electric shocks.
You are weak. (Str -2)


Message History

* * * LOW HITPOINT WARNING * * *
You writhe in agony.
* * * LOW HITPOINT WARNING * * *
Drink which item? (? for menu, Esc to quit)
It was a potion of curing.
You feel better.
You constrict Grinder. Grinder hits you!
* * * LOW HITPOINT WARNING * * *
You writhe in agony.
* * * LOW HITPOINT WARNING * * *
Drink which item? (? for menu, Esc to quit)
It was a potion of beneficial mutation.
You feel insulated.
You feel fantastic!
You constrict Grinder.
Grinder gestures.
Grinder struggles to blink free from constriction.
Drink which item? (? for menu, Esc to quit)
It was a potion of mutation.
You feel extremely strange.
You feel weaker.
You feel clever. x2
You constrict Grinder. Grinder hits you!
You die...

.#..############......# ##.###.#
...............'...............>.
.##.##########.#......#####.#....
.##..# #.#......# #...... .###.#
#.##############.#.. .# ..
##+#######......#.### .# #.#
#...............#.... .# .#
#...............##### ##
#..5@....(....<...... #####
#...............####. .....
##......##......#.... .....
........!##......#.... .....
..........##........... .....
...........##........... .(...
............#........... ###..
..###.......######...... ..
....... ###....


You could see Grinder.

Vanquished Creatures
  A centaur skeleton (D:3)
  Jessica (D:3)
  3 adders (D:3)
  An ooze (D:3)
  A dart slug (D:1)
  4 giant geckos
  3 giant cockroaches (D:1)
  6 goblins
  5 hobgoblins
  2 quokkas
  6 bats
  A giant newt (D:1)
  3 kobolds
  5 rats
42 creatures vanquished.

Notes
Turn   | Place    | Note
--------------------------------------------------------------
     0 | D:1      | Deemzul the Octopode Monk began the quest for the Orb.
     0 | D:1      | Reached XP level 1. HP: 16/16 MP: 1/1
   216 | D:1      | Reached XP level 2. HP: 13/21 MP: 2/2
   732 | D:1      | Reached XP level 3. HP: 26/26 MP: 3/3
  1853 | D:3      | Reached skill level 5 in Unarmed Combat
  1865 | D:3      | Noticed Jessica
  1874 | D:3      | Killed Jessica
  1874 | D:3      | Reached XP level 4. HP: 31/31 MP: 4/4
  1994 | D:3      | Reached XP level 5. HP: 5/36 MP: 5/5
  2284 | D:3      | Noticed Grinder
  2291 | D:3      | HP: 1/36 [Grinder (6)]
  2292 | D:3      | Gained mutation: You are resistant to electric shocks. [potion of beneficial mutation]
  2293 | D:3      | Gained mutation: You are weak. (Str -2) [potion of mutation]
  2293 | D:3      | Gained mutation: Your mind is acute. (Int +2) [potion of mutation]
  2293 | D:3      | Gained mutation: Your mind is very acute. (Int +4) [potion of mutation]
  2293 | D:3      | Mangled by Grinder

Vault maps used:
D:1:      tarquinn_simple_flora_water_c
D:2:      first_bread, grunt_decor_cap, kennysheep_path_1,
          minmay_misc_feat_rugged
D:3:      led_sif_book, uniq_terence, uniq_grinder, uniq_jessica

Skill      XL: |  1  2  3 |
---------------+----------+-----
Stealth        | 3 4 |  4.4
Unarmed Combat | 5 |  5.7
Fighting       | |  3.0
Dodging        | |  3.0

Action                   |  1- 3 |  4- 6 || total
-------------------------+-------+-------++-------
Melee: Unarmed           |    73 |    22 ||    95
  Use: Scroll            |     1 |       ||     1
       Potion            |       |     4 ||     4
 Stab: Sleeping          |    13 |     5 ||    18
  Eat: Chunk             |     2 |     2 ||     4
